 Dungeon Crawl Stone Soup version 0.30.1-4-g462c640d31 (webtiles) character file.

Game seed: 16303916485208694351

61 Nick1 the Shield-Bearer (level 4, -6/37 HPs)
             Began as a Formicid Fighter on Sept 17, 2023.
             Succumbed to a gnoll's poison
             ... on level 2 of the Dungeon.
             The game lasted 00:02:36 (709 turns).

Nick1 the Shield-Bearer (Formicid Fighter)           Turns: 709, Time: 00:02:37

Health: -6/37      AC:  7    Str: 22    XL:     4   Next: 27%
Magic:  4/4        EV:  9    Int:  8    God:
Gold:   26         SH:  5    Dex: 13    Spells: 3/3 levels left

rFire   . . .        a - +0 war axe
rCold   . . .        c - +0 buckler
rNeg    . . .        b - +0 scale mail
rPois   .            (helmet unavailable)
rElec   .            (no cloak)
rCorr   .            (no gloves)
SInv    +            (no boots)
Will    .....        (no amulet) Stlth
                     (no ring)
HPRegen 0.26/turn    (no ring)
MPRegen 0.09/turn

%: no passive effects
@: brilliant, lethally poisoned (-6 -> -37)
A: permanent stasis, dig shafts and tunnels, antennae 3, four strong arms
a: Dig, Shaft Self


You were on level 2 of the Dungeon.
You visited 1 branch of the dungeon, and saw 2 of its levels.

You collected 26 gold pieces.

Inventory:

Hand Weapons
 a - a +0 war axe (weapon)
Armour
 b - a +0 scale mail (worn)
 c - a +0 buckler (worn)
Wands
 k - a wand of flame (15)
Scrolls
 h - a scroll of immolation {unknown}
 i - a scroll of poison {unknown}
 j - a scroll of enchant armour {unknown}
Potions
 d - a potion of might
 e - a potion of mutation {unknown}
 f - a potion of haste {unknown}
 g - a potion of brilliance


   Skills:
 * Level 3.7 Fighting
 * Level 2.6 Axes
 * Level 3.9 Armour
 * Level 4.8 Shields


You had 3 spell levels left.
You didn't know any spells.
Your spell library contained the following spells:

 Spells                   Type           Power      Damage    Failure   Level
 Ensorcelled Hibernation  Hex/Ice        0%         N/A       90%         2
 Passwall                 Tmut/Erth      0%         N/A       90%         2
 Swiftness                Air            Unusable   N/A       N/A         3

Dungeon Overview and Level Annotations

Branches:
Dungeon (2/15)

Altars:


Innate Abilities, Weirdness & Mutations

You cannot be hasted, slowed, berserked, paralysed or teleported.
You can dig through walls and to a lower floor.
You have a pair of large antennae on your head. (SInv)
Your four strong arms can wield two-handed weapons with a shield.


Message History

You kill the ball python!
The ball python bites you but does no damage.
The ball python barely misses you.
You have reached level 4!
You feel clever.
You slash the ball python!
You kill the ball python!
The endoplasm hits you.
You slash the endoplasm!
You kill the endoplasm! 2 gnolls come into view.
A gnoll is wielding a +0 whip of venom.
The gnoll shouts! x2
You see here a dark potion.
g - 2 dark potions (gained 1)
You completely miss the gnoll. You barely miss the gnoll.
The gnoll barely misses you. The gnoll closely misses you.
You closely miss the gnoll. You slash the gnoll!
The gnoll completely misses you. The gnoll hits you with a +0 flail. x2
The gnoll hits you with a +0 whip of venom.
You are poisoned.
Unknown command.
You hit the gnoll.
You kill the gnoll!
You hit the gnoll but do no damage.
You feel very sick.
The gnoll hits you with a +0 whip of venom.
You are lethally poisoned!
Unknown command.
You slash the gnoll!
The gnoll is heavily wounded.
* * * LOW HITPOINT WARNING * * *
You feel very sick.
The gnoll hits you with a +0 whip of venom!
* * * LOW HITPOINT WARNING * * *
You are more poisoned.
The gnoll hits you but does no damage.
You are more poisoned.
It was a potion of brilliance.
You feel clever all of a sudden.
You die...

.## { ..# .......# ....
..#### {{ ......##....
.....# ...........
..##.# #..........
..##.# #..........
..##.# #..........
..##.# #..)g......
..##.# #..@.......
..##.#########......####
.....................#
.....................#
#.....)...........†..#
#....................#
#....................#
#....................#
#....................#


You could see a gnoll.

Vanquished Creatures
  4 gnolls (D:2)
  4 ball pythons
  3 endoplasms
  A giant cockroach (D:1)
  A hobgoblin (D:2)
  A kobold (D:2)
  8 frilled lizards (D:1)
  A goblin (D:1)
  5 rats
28 creatures vanquished.

Notes
Turn   | Place    | Note
-------+----------+-------------------------------------------
     0 | D:1      | Nick1 the Formicid Fighter began the quest for the Orb.
     0 | D:1      | Reached XP level 1. HP: 18/18 MP: 1/1
   175 | D:1      | Reached XP level 2. HP: 23/24 MP: 2/2
   637 | D:2      | Reached XP level 3. HP: 29/29 MP: 3/3
   697 | D:2      | Reached XP level 4. HP: 33/35 MP: 4/4
   708 | D:2      | HP: 1/37 [gnoll/+0 whip of venom (7)]
   709 | D:2      | Succumbed to a gnoll's poison

Illustrated notes

Levels and vault maps discovered:
D:1:      minmay_arrival_shattered_statue, layout_loops_ring, minmay_lizard_pond
D:2:      layout_basic, nicolae_grassy_gnolls

Action                     |  1- 3 |  4- 6 || total
---------------------------+-------+-------++-------
  Melee: War axe           |    58 |     6 ||    64
    Use: Potion            |       |     1 ||     1
 Armour: Scale mail        |    20 |     1 ||    21
  Dodge: Dodged            |    31 |     3 ||    34
  Block: Buckler           |    11 |       ||    11
